 Dungeon Crawl Stone Soup version 0.29.1-1-gd02db6906a (webtiles) character file.

Game seed: 18121686769195629355

1565 MisterFreud the Covert (level 8, -19/68 HPs)
             Began as a Gnoll Delver on Sept 21, 2022.
             Was a High Priest of Ignis.
             Demolished by a two-headed ogre
             ... wielding a +0 dire flail
              (23 damage)
             ... on level 7 of the Dungeon.
             The game lasted 00:08:35 (6268 turns).

MisterFreud the Covert (Gnoll Delver)               Turns: 6268, Time: 00:08:35

Health: -19/68     AC:  4    Str: 12    XL:     8   Next: 89%
Magic:  13/13      EV: 13    Int: 12    God:    Ignis [*****.]
Gold:   114        SH:  5    Dex: 13    Spells: 14/14 levels left

rFire   + . .      SeeInvis .   t - +2 short sword (vamp)
rCold   + . .      Faith    .   (no shield)
rNeg    . . .      Spirit   .   b - +1 leather armour
rPois   +          Reflect  +   (no helmet)
rElec   .          Harm     .   D - +0 cloak
rCorr   .          Rampage  .   (no gloves)
Will    .....                   p - +2 pair of boots
Stlth   +++++.....              h - amulet of reflection
HPRegen 0.21/turn               F - ring "Wittumin" {rPois rC+ Slay+2 Stlth+}
MPRegen 0.13/turn               (no ring)

@: about to teleport, corroded
A: fangs 1, strong nose, distributed training
a: Renounce Religion, Fiery Armour, Foxfire Swarm, Rising Flame


You were on level 7 of the Dungeon.
You worshipped Ignis.
Ignis was extremely pleased with you.
You visited 1 branch of the dungeon, and saw 7 of its levels.

You collected 276 gold pieces.
You spent 162 gold pieces at shops.

Inventory:

Hand Weapons
 a - a +0 short sword of protection
 t - a +2 vampiric short sword (weapon)
Missiles
 l - 2 poisoned darts (quivered)
 r - 11 boomerangs
 s - 2 atropa-tipped darts
 v - 6 curare-tipped darts
Armour
 b - a +1 leather armour (worn)
 p - a +2 pair of boots (worn)
 D - a +0 cloak (worn)
Jewellery
 h - an amulet of reflection (around neck)
 F - the ring "Wittumin" (left hand) {rPois rC+ Slay+2 Stlth+}
   (You bought it in a shop on level 7 of the Dungeon)

   [ring of poison resistance]

   Slay:      It affects your accuracy & damage with ranged weapons and melee
   (+2).
   rC:        It protects you from cold.
   rPois:     It protects you from poison.
   Stlth:     It makes you more stealthy.
Wands
 g - a wand of digging (3)
 k - a wand of mindburst (11)
 C - a wand of paralysis (6)
Scrolls
 c - a scroll of fog
 d - 2 scrolls of magic mapping
 e - a scroll of fear
 n - 2 scrolls of brand weapon
 w - 3 scrolls of teleportation
 y - a scroll of enchant armour
Potions
 f - 2 potions of haste
 i - 4 potions of attraction
 j - 3 potions of curing
 m - a potion of mutation {unknown}
 o - 2 potions of might
 q - 5 potions of flight
 u - a potion of lignification
 x - 2 potions of cancellation
 z - a potion of magic {unknown}
 A - 3 potions of invisibility
 B - 2 potions of heal wounds


   Skills:
 + Level 7.6 Fighting
 + Level 6.0 Short Blades
 + Level 3.8 Long Blades
 + Level 3.8 Axes
 + Level 3.8 Maces & Flails
 + Level 3.8 Polearms
 + Level 3.8 Staves
 + Level 3.8 Ranged Weapons
 + Level 3.8 Throwing
 + Level 3.8 Armour
 + Level 6.0 Dodging
 + Level 10.3 Stealth
 + Level 3.8 Shields
 + Level 3.8 Unarmed Combat
 + Level 3.8 Spellcasting
 + Level 3.1 Conjurations
 + Level 3.1 Hexes
 + Level 3.1 Summonings
 + Level 3.1 Necromancy
 + Level 3.1 Translocations
 + Level 3.1 Transmutations
 + Level 3.1 Fire Magic
 + Level 3.1 Ice Magic
 + Level 3.1 Air Magic
 + Level 3.1 Earth Magic
 + Level 3.1 Poison Magic
 + Level 4.2 Invocations
 + Level 3.8 Evocations


You had 14 spell levels left.
You didn't know any spells.
Your spell library contained the following spells:

 Spells                   Type           Power      Damage    Failure   Level
 Apportation              Tloc           18%        N/A       8%          1
 Summon Small Mammal      Summ           36%        N/A       8%          1
 Call Canine Familiar     Summ           9%         N/A       24%         3
 Confusing Touch          Hex            9%         N/A       24%         3
 Stone Arrow              Conj/Erth      18%        3d8       24%         3
 Summon Guardian Golem    Hex/Summ       9%         N/A       24%         3
 Animate Armour           Summ/Erth      18%        N/A       61%         4
 Alistair's Intoxication  Tmut/Pois      6%         N/A       91%         5
 Yara's Violent Unravell  Hex/Tmut       4%         3d4       91%         5
 Enfeeble                 Hex            4%         N/A       100%        7
 Lehudib's Crystal Spear  Conj/Erth      4%         10d3      100%        8


Dungeon Overview and Level Annotations

Branches:
Dungeon (7/15)             Temple (0/1) D:6

Altars:
Dithmenos
Okawaru
Xom
Ignis

Shops:
D:7 *

Annotations:
D:6 1 transporter, raistware's ghost, novice OpCj


Innate Abilities, Weirdness & Mutations

You have very sharp teeth.
Your uncanny sense of smell can sniff out nearby items.
Your experience applies equally to all skills.


Message History

You barely miss the two-headed ogre.
The two-headed ogre is lightly wounded.
You hit the two-headed ogre. You bite the two-headed ogre.
The two-headed ogre is moderately wounded.
The two-headed ogre closely misses you. You block the two-headed ogre's attack.
You barely miss the two-headed ogre.
The two-headed ogre is moderately wounded.
You hit the two-headed ogre but do no damage.
The two-headed ogre is moderately wounded.
The two-headed ogre hits you with a +0 dire flail!
The two-headed ogre hits you with a +0 giant club!!
The howler monkey hoots and howls with incredible vigour!
You hear a roar!
You hear an angry hiss.
You hear a loud, deep croak!
You hear a shout!
You hear a bark!
Something shouts, "Remove thy stench, thou craven fob-snatching measle!"
Unknown command.
Unknown command.
You hit the two-headed ogre.
You feel better.
The two-headed ogre is moderately wounded.
You hit the two-headed ogre but do no damage.
You bite the two-headed ogre.
The two-headed ogre is moderately wounded.
The two-headed ogre hits you with a +0 dire flail.
The two-headed ogre barely misses you.
An acid dragon comes into view.
The two-headed ogre attacks as you move away!
The two-headed ogre closely misses you.
The two-headed ogre hits you with a +0 giant club!
The acid dragon spits acid at you. The splash of acid hits you!!
* * * LOW HITPOINT WARNING * * *
The acid corrodes you!
You hear a howl!
Something shouts, "Disclaim thyself, thou cockered limp-willed mule!"
You hear a shout!
As you read the scroll of teleportation, it crumbles to dust.
You feel strangely unstable.
The two-headed ogre attacks as you move away!
The two-headed ogre hits you with a +0 dire flail!!
You die...

.....................#######.#.##
.....................# #.#.<#
################.....# #.####
#.....# ###..... #.....# #....###
#.....# #....# #..#### #....#
#..# #....# #@.# ###### #O)# #..#
#D.# # #o.# #. #..# ♣. ♣#..#
#♣♣.♣♣...# #..sh....#


You could see a two-headed ogre, an acid dragon and an orc wizard.

Vanquished Creatures
  Grinder (D:3)
  A wraith (D:7)
  A wyvern (D:7)
  A black bear (D:5)
  A sky beast (D:6)
  A centaur (D:5)
  A phantom (D:7)
  2 necrophages (D:6)
  A jelly (D:6)
  4 hounds
  An orc priest (D:4)
  3 iguanas
  Terence (D:3)
  Natasha (thrice) (D:3)
  An orc wizard (D:3)
  Robin (D:2)
  4 gnolls (D:6)
  6 adders
  3 white imps (D:5)
  2 worms
  3 dart slugs (D:1)
  10 orcs
  5 endoplasms
  3 giant cockroaches
  14 goblins
  8 hobgoblins
  6 jackals
  2 quokkas (D:1)
  3 ball pythons
  6 bats
  5 frilled lizards
  10 kobolds
  7 rats (D:1)
121 creatures vanquished.

Notes
Turn   | Place    | Note
-------+----------+-------------------------------------------
     0 | D:5      | Reached skill level 9 in Stealth
     0 | D:5      | MisterFreud the Gnoll Delver began the quest for the Orb.
     0 | D:5      | Reached XP level 1. HP: 23/23 MP: 1/1
    41 | D:5      | Reached XP level 2. HP: 27/29 MP: 2/2
    77 | D:5      | Reached skill level 1 in Invocations
    77 | D:5      | Reached XP level 3. HP: 25/35 MP: 2/4
   129 | D:5      | Reached skill level 1 in Long Blades
   129 | D:5      | Reached skill level 1 in Axes
   129 | D:5      | Reached skill level 1 in Maces & Flails
   129 | D:5      | Reached skill level 1 in Polearms
   129 | D:5      | Reached skill level 1 in Staves
   129 | D:5      | Reached skill level 1 in Ranged Weapons
   129 | D:5      | Reached skill level 1 in Throwing
   129 | D:5      | Reached skill level 1 in Armour
   129 | D:5      | Reached skill level 1 in Shields
   129 | D:5      | Reached skill level 1 in Unarmed Combat
   129 | D:5      | Reached skill level 1 in Spellcasting
   129 | D:5      | Reached skill level 1 in Evocations
   305 | D:6      | Reached skill level 1 in Conjurations
   305 | D:6      | Reached skill level 1 in Hexes
   305 | D:6      | Reached skill level 1 in Summonings
   305 | D:6      | Reached skill level 1 in Necromancy
   305 | D:6      | Reached skill level 1 in Translocations
   305 | D:6      | Reached skill level 1 in Transmutations
   305 | D:6      | Reached skill level 1 in Fire Magic
   305 | D:6      | Reached skill level 1 in Ice Magic
   305 | D:6      | Reached skill level 1 in Air Magic
   305 | D:6      | Reached skill level 1 in Earth Magic
   305 | D:6      | Reached skill level 1 in Poison Magic
   305 | D:6      | Reached XP level 4. HP: 41/41 MP: 5/5
   460 | D:6      | Noticed a necrophage
   462 | D:6      | Killed a necrophage
   463 | D:6      | Reached XP level 5. HP: 47/47 MP: 5/7
   516 | D:6      | Noticed a sky beast
   741 | D:4      | Found a shadowy altar of Dithmenos.
  1065 | D:3      | Noticed Natasha
  1079 | D:3      | Killed Natasha
  1212 | D:3      | Reached XP level 6. HP: 53/53 MP: 8/8
  1353 | D:2      | Noticed Robin
  1497 | D:2      | Reached skill level 5 in Short Blades
  1497 | D:2      | Reached skill level 5 in Dodging
  1887 | D:1      | Found a large runed translucent door.
  1887 | D:1      | Found a large runed translucent door.
  2272 | D:1      | Found a faded altar of an unknown god.
  2335 | D:1      | Prayed at the altar of an unknown god.
  2335 | D:1      | Became a worshipper of Ignis, the Dying Flame
  2544 | D:2      | Found a shimmering altar of Xom.
  2708 | D:2      | Killed Robin
  3022 | D:3      | Noticed Terence
  3027 | D:3      | Killed Terence
  3304 | D:3      | Noticed Natasha
  3318 | D:3      | Killed Natasha
  3455 | D:3      | Noticed Grinder
  3471 | D:3      | Paralysed by Grinder for 2 turns
  3487 | D:3      | HP: 2/79 [Grinder (3)]
  3489 | D:3      | Killed Grinder
  3490 | D:3      | Reached XP level 7. HP: 3/60 MP: 10/10
  3818 | D:3      | Noticed Natasha
  3830 | D:3      | Killed Natasha
  4057 | D:4      | Reached skill level 10 in Stealth
  4706 | D:5      | Reached XP level 8. HP: 67/67 MP: 12/12
  5077 | D:6      | Found a staircase to the Ecumenical Temple.
  5391 | D:6      | Noticed raistware's ghost (novice OpCj)
  5399 | D:6      | Identified the +6 dire flail of a Thousand Visionaries
                  | {speed, rF++ rCorr Dex+5}
  5399 | D:6      | Identified the +9 great mace of the Inferno {drain, Dex+3}
  5399 | D:6      | Noticed a two-headed ogre
  5401 | D:6      | Found a transporter.
  5712 | D:7      | Noticed a wyvern
  5815 | D:7      | Killed a wyvern
  6043 | D:7      | Found Essy's Assorted Antiques.
  6082 | D:7      | Bought a scroll labelled RISAFUINOPT for 27 gold pieces
  6082 | D:7      | Bought a scintillating wooden ring for 135 gold pieces
  6082 | D:7      | Identified the ring "Wittumin" {rPois rC+ Slay+2 Stlth+}
                  | (You bought it in a shop on level 7 of the Dungeon)
  6092 | D:7      | Noticed a wraith
  6099 | D:7      | Killed a wraith
  6175 | D:7      | Found an iron altar of Okawaru.
  6247 | D:7      | Noticed a two-headed ogre
  6261 | D:7      | HP: 3/68 [acid dragon/splash of acid (18)]
  6268 | D:7      | Demolished by a two-headed ogre

Illustrated notes

Levels and vault maps discovered:
D:1:      erik_arrival_cave_to_civilisation [erik_arrival_cave_to_temple],
          layout_rooms, shapermc_ecumenical_altar_totnotflames,
          bh_walls_and_bars
D:2:      layout_basic, basic_altar, uniq_robin
D:3:      layout_loops_corners, saegor_snake_ambush, uniq_terence, uniq_grinder,
          uniq_natasha
D:4:      layout_loops_ring, nicolae_dithmenos_shadow_blocks
D:5:      layout_rooms
D:6:      layout_basic, temple_green, serial_curves, eino_curves_01,
          eino_curves_01, eino_curves_04, eino_curves_03, gammafunk_ghost_smash
D:7:      nzn_winding_woodlands_medium [nzn_winding_woodlands_5x5_three,
          nzn_winding_woodlands_5x15_split_checker,
          nzn_winding_woodlands_5x5_open_star, nzn_winding_woodlands_5x5_cross,
          nzn_winding_woodlands_center_diamonds,
          nzn_winding_woodlands_5x5_default,
          nzn_winding_woodlands_5x5_checkerboard,
          nzn_winding_woodlands_5x15_concentric,
          nzn_winding_woodlands_5x5_closed_star], layout_basic,
          kennysheep_okawaru_gauntlet, serial_shops, nicolae_shop_waterfront

Skill      XL: |  1  2  3  4  5  6  7  8 |
---------------+-------------------------+-----
Stealth        | 10 | 10.3
Invocations    | 1 2 3 4 |  4.2
Long Blades    | 1 2 3 |  3.8
Axes           | 1 2 3 |  3.8
Maces & Flails | 1 2 3 |  3.8
Polearms       | 1 2 3 |  3.8
Staves         | 1 2 3 |  3.8
Ranged Weapons | 1 2 3 |  3.8
Throwing       | 1 2 3 |  3.8
Armour         | 1 2 3 |  3.8
Shields        | 1 2 3 |  3.8
Unarmed Combat | 1 2 3 |  3.8
Spellcasting   | 1 2 3 |  3.8
Evocations     | 1 2 3 |  3.8
Conjurations   | 1 2 3 |  3.1
Hexes          | 1 2 3 |  3.1
Summonings     | 1 2 3 |  3.1
Necromancy     | 1 2 3 |  3.1
Translocations | 1 2 3 |  3.1
Transmutations | 1 2 3 |  3.1
Fire Magic     | 1 2 3 |  3.1
Ice Magic      | 1 2 3 |  3.1
Air Magic      | 1 2 3 |  3.1
Earth Magic    | 1 2 3 |  3.1
Poison Magic   | 1 2 3 |  3.1
Short Blades   | 5 6 |  6.0
Dodging        | 5 6 |  6.0
Fighting       | 7 |  7.6

Action                   |  1- 3 |  4- 6 |  7- 9 || total
-------------------------+-------+-------+-------++-------
Melee: Short sword       |    45 |   292 |   193 ||   530
       Punch             |     1 |     4 |     4 ||     9
       Bite              |     1 |    23 |    23 ||    47
  Use: Scroll            |       |     8 |     7 ||    15
       Potion            |       |     1 |     1 ||     2
 Stab: Sleeping          |     2 |    27 |     7 ||    36
       Distracted        |       |       |     1 ||     1
Armor: Leather armour    |     5 |    71 |    39 ||   115
Dodge: Dodged            |    23 |   180 |    99 ||   302
Block: Other             |    11 |    65 |    23 ||    99
